 Dungeon Crawl Stone Soup version 0.32-a0-814-g0968bab981 (webtiles) character file.

Game seed: 6355745259685050582

3690865 Iwannabefree the Acrobat (level 27, 247/247 HPs)
             Began as a Vampire Alchemist on Mar 20, 2024.
             Was the Champion of Ashenzari.
             Escaped with the Orb
             ... and 5 runes
             ... and 2 gems on Mar 23, 2024!
             The game lasted 03:28:43 (62004 turns).

Iwannabefree the Acrobat (Vampire Alchemist)       Turns: 62004, Time: 03:28:44

Health: 247/247    AC: 18    Str:  6      XL:     27
Magic:  37/37      EV: 57    Int: 22 (23) God:    Ashenzari [******]
Gold:   85         SH: 14    Dex: 41      Spells: 1/46 levels left

rFire   + + .        M - +10 zealot's sword {holy, Zealotry, *Rage rN+ EV+3, Cun, Sorc} (curse)
rCold   + . .        a - +3 buckler of the Cosmic Augur {rF+, Fort, Self} (curse)
rNeg    + . .        Q - +2 robe of Ashenzari's Sorrow {rC+ rF+, Bglg, Sorc} (curse)
rPois   +            e - +0 hat of Supernal Wisdom {+Inv Str+4 Dex+9, Cun, Self} (curse)
rElec   +            O - +2 cloak "Thunder Perfect Mind" {rCorr, Bglg, Cun} (curse)
rCorr   +            W - +2 pair of gloves "Lashed With Me" {Melee, Comp} (curse)
SInv    +            S - +2 pair of boots of the Cursed Shame {Melee, Sorc} (curse)
Will    +++..        j - amulet of the Sublime Sage {Regen+, Fort, Sorc} (curse)
Stlth   ++           Y - ring "Lashed Together" {Fly rPois rC+ SInv, Elem, Comp} (curse)
HPRegen 1.61/turn    z - ring "I Knew You'd Do That" {rElec Will+ Str-4 Int+6 Dex+6, Fort, Melee} (curse)
MPRegen 0.25/turn

%: clarity
@: flying, healing quickly, hasted, studying 2 skills, very quick
A: alive, fangs 3, see invisible, vampiric 2, hooves 1, horns 1, agile 1,
clarity, deterioration 1, dopey 1, weak 2, no potion heal 1, cold vulnerability
1, subdued magic 1, inability to read after injury 1, devolution 1
0: Orb of Zot
}: 5/15 runes: decaying, serpentine, slimy, silver, abyssal
a: Exsanguinate, Renounce Religion, Evoke Invisibility, Shatter the Chains


You escaped.
You worshipped Ashenzari.
Ashenzari was exalted by your worship.
You visited 11 branches of the dungeon, and saw 55 of its levels.
You visited the Abyss 3 times.
You visited 1 ziggurat, and saw 11 of its levels.
You also visited: Gauntlet, Ice Cave, Wizlab and Desolation.

You collected 10849 gold pieces.
You spent 10764 gold pieces at shops.

Inventory:

Hand Weapons
 g - a +3 demon blade of flaming
 M - the cursed +10 zealot's sword (weapon) {holy, Zealotry, *Rage rN+ EV+3, Cun, Sorc}
   (You took it off a deep elf death mage on level 3 of the Elven Halls)

   Zealotry:  Whenever the wielder enters a berserk rage, their allies are
   berserked alongside them.
   EV+3:      It affects your evasion (+3).
   rN+:       It protects you from negative energy.
   *Rage:     It berserks you when you make melee attacks (+20% chance).
   It has a curse which improves the following skills: Cunning: Dodging and
   Stealth.
   Sorcery:   Conjurations and Alchemy.
Missiles
 f - 3 throwing nets
 p - 23 javelins
 P - 20 curare-tipped darts
Armour
 a - the cursed +3 buckler of the Cosmic Augur (worn) {rF+, Fort, Self}
   (You took it off a tengu reaver on level 4 of the Depths)

   It has a curse which improves the following skills: Fortitude: Armour and
   Shields.
   Introspection: Fighting and Spellcasting.
 e - the cursed +0 hat of Supernal Wisdom (worn) {+Inv Str+4 Dex+9, Cun, Self}
   (You found it in a Gauntlet)

   Str+4:     It affects your strength (+4).
   Dex+9:     It affects your dexterity (+9).
   +Inv:      It lets you turn invisible.
   It has a curse which improves the following skills: Cunning: Dodging and
   Stealth.
   Introspection: Fighting and Spellcasting.
 y - quicksilver dragon scales
 E - +10 pearl dragon scales
 O - the cursed +2 cloak "Thunder Perfect Mind" (worn) {rCorr, Bglg, Cun}
   (You took it off a draconian monk on level 4 of the Realm of Zot)

   It has a curse which improves the following skills: Beguiling: Hexes and
   Translocations.
   Cunning:   Dodging and Stealth.
 Q - the cursed +2 robe of Ashenzari's Sorrow (worn) {rC+ rF+, Bglg, Sorc}
   (You found it on level 5 of the Pits of Slime)

   It has a curse which improves the following skills: Beguiling: Hexes and
   Translocations.
   Sorcery:   Conjurations and Alchemy.
 S - the cursed +2 pair of boots of the Cursed Shame (worn) {Melee, Sorc}
   (You found it on level 3 of the Lair of Beasts)

   It has a curse which improves the following skills: Melee Combat: Short
   Blades, Long Blades, Axes, Maces & Flails, Polearms, Staves and Unarmed
   Combat.
   Sorcery:   Conjurations and Alchemy.
 W - the cursed +2 pair of gloves "Lashed With Me" (worn) {Melee, Comp}
   (You found it on level 5 of the Lair of Beasts)

   It has a curse which improves the following skills: Melee Combat: Short
   Blades, Long Blades, Axes, Maces & Flails, Polearms, Staves and Unarmed
   Combat.
   Companions: Summonings and Necromancy.
Jewellery
 j - the cursed amulet of the Sublime Sage (around neck) {Regen+, Fort, Sorc}
   (You found it on level 2 of the Lair of Beasts)

   [amulet of regeneration]

   Regen+:    It increases your rate of health regeneration.
   It has a curse which improves the following skills: Fortitude: Armour and
   Shields.
   Sorcery:   Conjurations and Alchemy.
 z - the cursed ring "I Knew You'd Do That" (right hand) {rElec Will+ Str-4 Int+6 Dex+6, Fort, Melee}
   (You found it in the Desolation of Salt)

   [ring of dexterity]

   Str-4:     It affects your strength (-4).
   Int+6:     It affects your intelligence (+6).
   Dex+6:     It affects your dexterity (+6).
   rElec:     It insulates you from electricity.
   Will+:     It increases your willpower.
   It has a curse which improves the following skills: Fortitude: Armour and
   Shields.
   Melee Combat: Short Blades, Long Blades, Axes, Maces & Flails, Polearms,
   Staves and Unarmed Combat.
 A - the ring of Rufiq {rPois rN+ Will+ Dex+6}
   (You found it on level 9 of a ziggurat)

   [ring of dexterity]

   Dex+6:     It affects your dexterity (+6).
   rPois:     It protects you from poison.
   rN+:       It protects you from negative energy.
   Will+:     It increases your willpower.
 K - the amulet of Coan {Acrobat rC++}
   (You found it on level 5 of a ziggurat)

   [amulet of the acrobat]

   Acrobat:   It increases your evasion while moving and waiting.
   rC++:      It greatly protects you from cold.
 Y - the cursed ring "Lashed Together" (left hand) {Fly rPois rC+ SInv, Elem, Comp}
   (You found it on level 8 of a ziggurat)

   [ring of poison resistance]

   rC+:       It protects you from cold.
   rPois:     It protects you from poison.
   SInv:      It lets you see invisible.
   Fly:       It grants you flight.
   It has a curse which improves the following skills: Elements: Fire Magic, Ice
   Magic, Air Magic and Earth Magic.
   Companions: Summonings and Necromancy.
Wands
 d - a wand of digging (12)
 t - a wand of light (40)
 V - a wand of warping (42)
Scrolls
 i - 13 scrolls of teleportation
 l - 4 scrolls of fog
 s - 9 scrolls of silence
 u - 11 scrolls of immolation
 v - 4 scrolls of revelation
 B - 9 scrolls of fear
 D - 9 scrolls of enchant weapon
 I - 3 scrolls of amnesia
 J - 3 scrolls of blinking
 U - 5 scrolls of summoning
 X - 5 scrolls of poison
Potions
 b - 3 potions of magic
 c - 7 potions of lignification
 n - 6 potions of attraction
 q - 30 potions of curing
 w - 2 potions of berserk rage
 x - 13 potions of brilliance
 F - 8 potions of cancellation
 G - 5 potions of enlightenment
 H - 6 potions of might
 L - 11 potions of heal wounds
 R - 2 potions of invisibility
 T - 7 potions of resistance
 Z - 5 potions of mutation
Miscellaneous
 h - a condenser vane
 r - a phial of floods
 C - a lightning rod (4/4)
 N - a sack of spiders


   Skills:
 - Level 23.5(26.6) Fighting
 - Level 19.5(23.9) Long Blades
 - Level 5.8 Throwing
 + Level 18.1(22.6) Armour
 - Level 24.3(27) Dodging
 - Level 3.0(6.8) Stealth
 - Level 10.0(14.7) Shields
 - Level 6.8(10.4) Spellcasting
 - Level 5.2(10.5) Conjurations
 - Level 15.7(19.2) Hexes
 - Level 6.0(9.5) Necromancy
 - Level 4.0(7.3) Translocations
 - Level 2.2(4.1) Fire Magic
 - Level 12.2(14.6) Ice Magic
 - Level 6.3(8.8) Air Magic
 - Level 15.4(21.0) Alchemy
 - Level 3.0 Evocations
 - Level 13.4 Shapeshifting


You had one spell level left.
You knew the following spells:

 Your Spells              Type           Power      Damage    Failure   Level
a - Eringya's Noxious Bo  Alch           34%        4d6       1%          6
b - Olgreb's Toxic Radia  Alch           68%        N/A       0%          4
c - Passage of Golubria   Tloc           33%        N/A       2%          4
d - Ignite Poison         Fire/Alch      51%        N/A       1%          4
e - Enfeeble              Hex            32%        N/A       1%          7
f - Vhi's Electric Charg  Tloc/Air       72%        N/A       1%          4
i - Irradiate             Conj/Alch      29%        3d21      1%          5
k - Blink                 Tloc           66%        N/A       1%          2
l - Lesser Beckoning      Tloc           66%        N/A       1%          2
p - Passwall              Erth           9%         N/A       16%         3
u - Dispel Undead         Necr           41%        3d16      1%          4

Your spell library contained the following spells:

 Spells                   Type           Power      Damage    Failure   Level
 Slow                     Hex            100%       N/A       0%          1
 Sting                    Conj/Alch      100%       1d9       0%          1
 Apportation              Tloc           66%        N/A       1%          1
 Kiss of Death            Conj/Necr      100%       2d13      1%          1
 Necrotise                Necr           100%       1d9       1%          1
 Shock                    Conj/Air       100%       1d9       1%          1
 Summon Small Mammal      Summ           40%        N/A       4%          1
 Ensorcelled Hibernation  Hex/Ice        100%       N/A       0%          2
 Jinxbite                 Hex            100%       N/A       0%          2
 Mercury Vapours          Alch/Air       100%       N/A       0%          2
 Confusing Touch          Hex            65%        N/A       0%          3
 Tukima's Dance           Hex            65%        N/A       0%          3
 Cause Fear               Hex            32%        N/A       0%          4
 Cigotuvi's Dreadful Rot  Necr/Alch/Air  100%       N/A       1%          2
 Momentum Strike          Conj/Tloc      78%        3d10      1%          2
 Scorch                   Fire           44%        2d6       1%          2
 Searing Ray              Conj           88%        2d7       1%          2
 Static Discharge         Conj/Air       82%        3-7/arc   1%          2
 Sublimation of Blood     Necr           41%        N/A       1%          2
 Dazzling Flash           Conj/Hex       100%       N/A       1%          3
 Fugue of the Fallen      Necr           41%        N/A       1%          3
 Gell's Gravitas          Tloc           33%        N/A       1%          3
 Hailstorm                Conj/Ice       51%        3d10      1%          3
 Inner Flame              Hex/Fire       48%        N/A       1%          3
 Mephitic Cloud           Conj/Alch/Air  53%        N/A       1%          3
 Stone Arrow              Conj/Erth      54%        3d10      1%          3
 Summon Ice Beast         Ice/Summ       34%        N/A       1%          3
 Swiftness                Air            38%        N/A       1%          3
 Teleport Other           Tloc           33%        N/A       1%          3
 Vampiric Draining        Necr           41%        2d8       1%          3
 Volatile Blastmotes      Fire/Tloc      56%        2d14      1%          3
 Airstrike                Air            19%        2d(3-19)  1%          4
 Anguish                  Hex/Necr       27%        N/A       1%          4
 Fulminant Prism          Conj/Alch      29%        3d14      1%          4
 Leda's Liquefaction      Alch/Erth      22%        N/A       1%          4
 Petrify                  Alch/Erth      45%        N/A       1%          4
 Sticky Flame             Fire/Alch      51%        2d9       1%          4
 Alistair's Intoxication  Alch           45%        N/A       1%          5
 Freezing Cloud           Conj/Ice/Air   23%        6-21      1%          5
 Iskenderun's Battlesphe  Conj           44%        2d10      1%          5
 Metabolic Englaciation   Hex/Ice        30%        N/A       1%          5
 Silence                  Hex/Air        27%        N/A       1%          5
 Yara's Violent Unravell  Hex/Alch       33%        3d14      1%          5
 Sculpt Simulacrum        Ice/Alch       31%        N/A       1%          6
 Flame Wave               Conj/Fire      33%        2d10      2%          4
 Manifold Assault         Tloc           33%        N/A       2%          4
 Arcjolt                  Conj/Air       20%        1d30      2%          5
 Summon Mana Viper        Hex/Summ       42%        N/A       2%          5
 Curse of Agony           Necr           41%        N/A       3%          5
 Brom's Barrelling Bould  Conj/Erth      27%        2d5       6%          4
 Martyr's Knell           Necr/Summ      25%        N/A       8%          4
 Fireball                 Conj/Fire      16%        3d8       8%          5
 Summon Lightning Spire   Summ/Air       24%        N/A       9%          4
 Ozocubu's Refrigeration  Ice            27%        4d13      13%         7
 Call Canine Familiar     Summ           10%        N/A       16%         3
 Discord                  Hex            32%        N/A       16%         8
 Summon Blazeheart Golem  Fire/Summ      16%        N/A       24%         4
 Summon Forest            Summ/Tloc      11%        N/A       34%         5
 Permafrost Eruption      Ice/Erth       17%        2x4d6     41%         6
 Dispersal                Tloc           16%        N/A       45%         6
 Starburst                Conj/Fire      16%        6d6       45%         6
 Animate Armour           Summ/Erth      20%        N/A       47%         4
 Plasma Beam              Fire/Air       15%        2x1d26    56%         6
 Bombard                  Conj/Erth      13%        9d3       73%         6
 Lee's Rapid Deconstruct  Erth           4%         3d5*      85%         5
 Spellforged Servitor     Conj/Summ      13%        N/A       99%         7
 Summon Cactus Giant      Summ           5%         N/A       100%        6
 Summon Hydra             Summ           5%         N/A       100%        7
 Disjunction              Tloc           16%        N/A       100%        8
 Ignition                 Fire           11%        3d5       100%        8
 Lehudib's Crystal Spear  Conj/Erth      13%        10d5      100%        8
 Maxwell's Capacitive Co  Air            19%        ∞         100%        8
 Chain Lightning          Conj/Air       20%        3d27      100%        9
 Dragon's Call            Summ           5%         N/A       100%        9
 Fire Storm               Conj/Fire      16%        8d4       100%        9
 Polar Vortex             Ice            27%        12d3*     100%        9


Dungeon Overview and Level Annotations

Branches:
Dungeon (15/15)            Temple (0/1) D:6            Lair (5/5) D:8
  Swamp (4/4) Lair:2        Snake (4/4) Lair:3        Slime (5/5) Lair:5
    Orc (2/2) D:10            Elf (3/3) Orc:2        Vaults (5/5) D:13
  Crypt (3/3) Vaults:3       Tomb (0/3) Crypt:3      Depths (4/4) D:15
    Zot (5/5) Depths:4      IceCv (visited)          WizLab (visited)
Desolation (visited)      Gauntlet (visited)

Altars:
Ashenzari
Cheibriados
Dithmenos
Fedhas
Gozag
Makhleb
Okawaru
Sif Muna
Xom
Beogh

Shops:
Orc:2 =*!?   Elf:2 [   Elf:3 *?(:   Snake:2 [   Vaults:2 *   Vaults:4 ??[!!
Vaults:5 !?(=??[[   Depths:1 :=:

Portals:
Hell: Depths:1 Depths:2 Depths:3 Depths:4
Abyss: Depths:1 Depths:3
Pandemonium: Depths:2

Annotations:
D:14 Roxanne
Lair:2 exclusion: oklob plant
Swamp:3 1 runed translucent door, Jain's ghost, adept MiFi
Vaults:2 1 runed translucent door
Zot:2 8 runed translucent doors


Innate Abilities, Weirdness & Mutations

Your natural rate of healing is accelerated.
You have razor-sharp teeth.
You have supernaturally acute eyesight. (SInv)
You are afflicted with vampirism and can become a bat while bloodless.
You have large cloven feet.
You have a pair of small horns on your head.
You are agile. (Dex +4, Str/Int -1)
You possess an exceptional clarity of mind.
Your body sometimes deteriorates upon taking damage.
You are dopey. (Int -2)
You are very weak. (Str -4)
Potions are less effective at restoring your health.
You are vulnerable to cold. (rC-)
Your spells are a little easier to cast, but a little less powerful.
You occasionally lose the ability to read scrolls when taking damage.
You have hidden genetic defects.


Message History

The reaper drags you backwards!
You are poisoned.
You hit the reaper. Your headbutt misses the reaper.
The reaper is severely wounded.
You feel sick. The reaper misses you.
You slash the reaper! You headbutt the reaper.
The reaper is almost dead.
You feel sick.
You slice the reaper!!
You kill the reaper!
You feel sick.
You feel sick.
You see here a +1 scythe of venom.
What level of the Dungeon? (default 1, ? - help)
You feel sick.
There is a stone staircase leading up here.
You feel sick.
You fly upwards.
You feel sick.
A sixfirhy comes into view.
There is a stone staircase leading down here.
You feel sick.
You feel sick.
You are no longer poisoned.
You cut the sixfirhy into ribbons!!!
You kill the sixfirhy!
No target in view!
No target in view!
What level of the Dungeon? (default 1, ? - help) You're already here!
You sense a monster nearby.
Aiming: Dig
Press: ? - help, Shift-Dir - straight line A rock wall.
This square is covered in magical glow.
The rock shatters into small pieces.
Aiming: Dig
Press: ? - help, Shift-Dir - straight line A rock wall.
This square is covered in magical glow.
The rock shatters into small pieces.
Casting: Passwall (mildly dangerous; 16% risk of failure)
Confirm with . or Enter, or press ? or * to list all spells.
Aiming: Passwall (mildly dangerous; 16% risk of failure)
Press: ? - help, Dir - move target
There is no adjacent passable wall in that direction.
A tree.
This square is covered in magical glow.
Okay, then.
Casting: Passwall (mildly dangerous; 16% risk of failure)
Confirm with . or Enter, or press ? or * to list all spells.
You can't see any susceptible monsters within range! (Use Z to cast anyway.)
You sense a monster nearby.
A Josujoem and a lich come into view.
The lich shouts!
The lich mumbles some strange words.
The lich seems to speed up.
Josujoem gestures.
Josujoem flickers and vanishes for a moment.
As you read the scroll of summoning, it crumbles to dust.
Wisps of shadow whirl around you...
The lich casts a spell.
The lich flickers and vanishes for a moment.
Josujoem gestures at you. The howling sorrow hits your hobgoblin.
Your hobgoblin is drained!
The howling sorrow hits you. You partially resist.
Your hobgoblin is engulfed in excruciating misery.
Your goblin is engulfed in excruciating misery.
You are engulfed in excruciating misery.
Josujoem gestures at you. The howling sorrow hits your hobgoblin.
Your hobgoblin is drained!
Your hobgoblin dies!
Your hobgoblin's corpse dissolves into shadows!
The howling sorrow hits your goblin.
Your goblin is drained!
Your goblin dies!
Your goblin's corpse dissolves into shadows!
The howling sorrow hits you. You partially resist.
You feel yourself speed up.
The lich is no longer moving quickly.
There is a staircase leading out of the dungeon here.
You have escaped!

##.#....##.....# #..#.......
#.###.######♣♣♣♣♣♣♣♣♣...#.....
#.# #.# ♣.......♣#........ #.#
#.# ♣.PPPPP.♣####.....
####.###.# ♣.P~~~P.♣ ##....
.........# ♣.P≈ß~P.♣ ##....
.###.##### ♣.P~~~P.♣ #...## .#
#..# ###♣.PPPPP.♣ ##..## .#
##.# ##..♣@......♣#####.... .#
#.# ##.##♣♣♣.♣♣♣♣♣......... .#
#L# ##.## #....{.#####.### .#
#.# ##.## ######.# #...... .#
#.###.## #.# #.#.### ##
#.##.## #.# #..#.## ##.#.##
#{###.###.# ## #...#########
#.##.## ##. .# #...L.......#
#.###.###..


There were no monsters in sight!

Vanquished Creatures
  the Royal Jelly (Slime:5)
  3 orbs of fire (Zot:5)
  9 dread liches
  Mennas (Crypt:3)
  7 ancient liches
  A royal mummy (Zig:6)
  Parghit (Depths:4)
  7 Killer Klowns
  Vashnia (Snake:4)
  A curse toe (Zot:5)
  A caustic shrike (Zig:5)
  7 bone dragons
  6 golden dragons
  Jory (Crypt:2)
  3 doom hounds (Crypt:1)
  A shard shrike zombie (Abyss:3)
  5 Tzitzimimeh
  A Brimstone Fiend (Zot:4)
  7 electric golems
  2 Hell Sentinels (Zig:5)
  25 Orb Guardians
  A walking earthen tome (Depths:2)
  Zenata (Crypt:3)
  15 tentacled monstrosities
  Asterion (Vaults:3)
  A shard shrike skeleton (Crypt:2)
  Grunn (Crypt:1)
  2 deep elf master archers (Elf:3)
  16 sphinxes
  7 liches
  9 titans
  2 deep elf blademasters
  5 death cobs
  5 quicksilver dragons
  7 tentacled starspawn
  15 acid blobs
  3 Executioners
  4 ancient champions
  Agnes (D:14)
  8 tengu reavers
  7 shadow dragons
  A thorn hunter (Abyss:3)
  10 storm dragons
  2 draconian knights
  3 protean progenitors (Zot:2)
  Donald (Snake:3)
  Aizul (Swamp:3)
  9 azure jellies
  A revenant (Zig:4)
  7 nagarajas
  4 deep elf sorcerers
  6 rockslimes (Slime:5)
  15 vault wardens
  7 fire giants
  7 fenstrider witches
  3 iron dragons
  3 draconian monks
  2 emperor scorpions (Zig:10)
  6 frost giants
  Louise (Swamp:4)
  A balrug (Depths:1)
  3 deep elf elementalists (Elf:3)
  An imperial myrmidon (Desolation)
  3 ghost moths
  3 spriggan defenders
  A draconian stormcaller (Depths:4)
  4 ghouls
  19 ironbound preservers
  4 curse skulls
  4 reapers
  12 quicksilver oozes
  5 orc warlords
  2 angels (WizLab)
  19 stone giants
  11 formless jellyfish
  21 very ugly things
  A caustic shrike skeleton (Zig:6)
  12 ironbound thunderhulks
  2 broodmothers (Zig:10)
  7 deep elf demonologists
  3 black draconians
  10 deep elf death magi
  4 putrid mouths (Crypt:1)
  A bunyip (Swamp:3)
  7 deep elf annihilators
  20 dire elephants
  13 vampire knights
  A minotaur (Gauntlet)
  3 eleionomae
  12 spark wasps
  2 pale draconians (Depths:4)
  5 red draconians
  4 green draconians
  2 halazid warlocks (Desolation)
  2 purple draconians
  6 yellow draconians
  5 white draconians
  7 war gargoyles
  2 eidola
  2 merfolk impalers
  6 crystal guardians
  3 green deaths
  A blizzard demon (Depths:2)
  17 ettins
  Snorg (Lair:5)
  5 deep elf high priests
  An entropy weaver (shapeshifter) (D:13)
  7 fire dragons
  A shambling mangrove (Swamp:4)
  3 jiangshi
  Josephine (Lair:5)
  6 ragged hierophants (Desolation)
  Harold (D:11)
  5 entropy weavers
  11 yaktaur captains
  6 ice dragons
  2 ghost crabs (Swamp:2)
  3 servants of whispers (Desolation)
  7 great orbs of eyes
  38 vault guards
  5 rakshasas
  9 alligators
  12 hydras
  7 ironbound frosthearts
  8 ogre magi
  8 salamander tyrants
  20 peacekeepers
  2 death knights
  14 anacondas
  3 catoblepae
  A jorogumo (Zig:10)
  A spriggan zombie (Depths:1)
  3 spriggan air magi
  21 centaur warriors
  A radroach (Zig:10)
  36 dancing weapons
  4 death yaks
  19 two-headed ogres
  A satyr (Abyss:3)
  2 deep troll shamans
  A death scarab (Zig:6)
  Erica (D:11)
  5 boulder beetles
  6 deep troll earth magi
  Urug (D:11)
  A hell hog (Abyss:3)
  5 tengu warriors
  Sonja (Lair:4)
  3 vampire magi
  A bennu skeleton (Crypt:1)
  9 thrashing horrors
  A demonic crawler (Abyss:2)
  2 orc high priests
  2 occultists (Depths:1)
  15 hell knights
  9 shock serpents
  A titan skeleton (Crypt:1)
  15 naga warriors
  8 spriggan berserkers
  14 naga sharpshooters
  4 soul eaters
  32 deep elf knights
  2 sun demons (Depths:1)
  6 iron trolls
  3 salamander mystics
  11 sea snakes (Snake:3)
  2 shadow wraiths
  A skyshark (Lair:4)
  2 storm dragon skeletons
  3 sixfirhies
  11 skeletal warriors
  5 wretched stars
  5 goliath frogs
  Lodul (D:13)
  50 deep trolls
  6 mana vipers
  A mana viper (shapeshifter) (Depths:4)
  10 swamp dragons
  2 golden dragon skeletons
  7 glowing orange brains
  A spriggan druid (Swamp:2)
  3 naga ritualists
  4 flayed ghosts
  9 phantasmal warriors
  15 deep elf archers
  10 necromancers
  12 arcanists
  27 ironbound convokers
  13 thermic dynamos
  A harpy (Vaults:2)
  31 deep elf pyromancers
  2 lightning spires (WizLab)
  A steelbarb worm (shapeshifter) (Elf:3)
  21 bog bodies
  10 lindwurms
  12 orc knights
  2 wolf spiders
  17 large abominations
  8 cyclopes
  46 ugly things
  29 deep elf zephyrmancers
  An iron dragon zombie (Depths:1)
  4 oklob plants (Lair:2)
  5 obsidian bats
  27 salamanders
  A shadow dragon skeleton (Crypt:3)
  6 shining eyes
  10 elephants
  5 will-o-the-wisps
  5 orc sorcerers
  3 manticores
  An alligator skeleton (Crypt:1)
  8 moths of wrath
  5 worldbinders (Abyss:3)
  An eye of devastation (Slime:5)
  A shock serpent zombie (Crypt:3)
  19 naga magi
  A guardian serpent (shapeshifter) (Abyss:3)
  A meliai (Zig:10)
  12 vault sentinels
  12 kobold blastminers
  A titan simulacrum (Crypt:1)
  15 guardian serpents
  2 rust devils (Abyss:3)
  3 ice statues (IceCv)
  29 black mambas
  4 smoke demons
  2 orange demons
  2 water nymphs (Abyss:3)
  A centaur skeleton (Crypt:3)
  6 molten gargoyles
  A minotaur zombie (Gauntlet)
  7 gargoyles
  11 cane toads
  A torpor snail (Zig:10)
  Maggie (D:7)
  A swamp worm zombie (Crypt:2)
  12 rime drakes
  2 unseen horrors
  A black draconian zombie (Crypt:1)
  4 tengu conjurers
  7 freezing wraiths
  6 komodo dragons
  A tormentor (Crypt:1)
  45 yaktaurs
  3 efreet
  A red draconian skeleton (Crypt:3)
  A minotaur skeleton (Crypt:1)
  11 guardian mummies
  6 trolls
  A harpy zombie (Abyss:3)
  A queen bee (Lair:2)
  A bloated husk (Swamp:1)
  4 ancient zymes
  A sun moth zombie (Crypt:2)
  10 tyrant leeches
  17 hornets
  A harpy skeleton (Abyss:3)
  Grinder (D:3)
  4 hellwings
  36 blink frogs
  2 tarantellas
  A glass eye (shapeshifter) (Vaults:4)
  A glass eye (Depths:3)
  2 hydra skeletons
  2 dream sheep (Lair:5)
  4 raiju
  49 saltlings (Desolation)
  An ettin zombie (Crypt:2)
  4 jumping spiders
  22 slime creatures
  2 air elementals
  2 shadows (D:11)
  A vampire (D:12)
  12 wraiths
  3 culicivoras (Zig:10)
  2 ynoxinuls
  13 spriggans
  10 water elementals
  58 yaks
  3 ushabtiu (Zig:6)
  4 wyverns
  11 fire elementals
  9 basilisks
  5 golden eyes (Slime:5)
  7 starcursed masses (Abyss:2)
  2 neqoxecs (Abyss:2)
  An alligator snapping turtle simulacrum (Crypt:1)
  A golden eye (shapeshifter) (D:13)
  14 redbacks
  10 vampire mosquitoes
  5 chaos spawn
  2 death yak simulacra (IceCv)
  4 wargs
  9 steam dragons
  16 swamp worms
  A human zombie (Zig:6)
  52 nagas
  A harpy simulacrum (IceCv)
  A naga zombie (Crypt:1)
  5 hell hounds
  3 acid dragons
  2 hydra simulacra (IceCv)
  A human skeleton (Depths:1)
  16 water moccasins
  8 swamp drakes
  3 ice beasts
  57 orc warriors
  4 black bears
  A glowing shapeshifter skeleton (Depths:1)
  13 laughing skulls
  A blink frog zombie (Crypt:3)
  An ogre (shapeshifter) (Vaults:5)
  A boggart (Vaults:2)
  30 ogres
  8 centaurs
  25 wolves
  An elephant skeleton (Crypt:2)
  A lindwurm skeleton (Crypt:2)
  A snapping turtle skeleton (Crypt:2)
  A komodo dragon zombie (Crypt:1)
  5 kobold brigands
  2 weeping skulls (Abyss:3)
  A rime drake skeleton (Crypt:1)
  7 bullfrogs
  A cane toad simulacrum (IceCv)
  4 earth elementals
  A gnoll sergeant (D:12)
  10 small abominations
  10 wights
  A raiju zombie (Crypt:3)
  2 troll zombies (Swamp:4)
  42 killer bees
  4 troll skeletons
  12 electric eels
  8 howler monkeys
  3 bombardier beetles
  2 gnoll boudas
  17 orc priests
  6 hounds
  2 iron imps
  6 jellies
  2 sleepcaps
  Jessica (D:2)
  7 iguanas
  25 orc wizards
  Ijyb (D:3)
  A hell rat (D:8)
  2 wolf simulacra (IceCv)
  A killer bee zombie (Crypt:1)
  A deep dwarf zombie (Crypt:3)
  12 mummies
  A howler monkey zombie (Crypt:1)
  Robin (D:3)
  13 gnolls
  2 river rats
  9 adders
  A shadow imp (D:5)
  5 white imps
  3 ufetubi
  3 ribbon worms
  2 dart slugs
  72 orcs
  10 endoplasms
  A giant cockroach (D:1)
  9 goblins
  6 hobgoblins
  9 jackals
  15 kobolds
  3 quokkas
  4 ball pythons
  5 bats
  3 frilled lizards
  A frilled lizard skeleton (Crypt:2)
  A kobold zombie (Crypt:1)
  An orc skeleton (Crypt:2)
  5 rats
  2 aspiring fleshes (Zot:2)
  A lurking horror (Abyss:2)
  2 starspawn tentacles (Abyss:2)
2691 creatures vanquished.

Vanquished Creatures (collateral kills)
  A jiangshi (Crypt:3)
1 creature vanquished.

Vanquished Creatures (others)
  A fire giant (Depths:1)
  A deep troll (Depths:4)
  A deep elf pyromancer (Elf:2)
  4 bloated husks
  An orc warrior (Vaults:5)
  A small abomination (Swamp:2)
  A howler monkey (D:5)
  A jelly (Abyss:3)
  A white imp (D:5)
  20 foxfires
  18 starspawn tentacles
50 creatures vanquished.

Grand Total: 2742 creatures vanquished

Notes
Turn   | Place    | Note
-------+----------+-------------------------------------------
     0 | D:1      | Iwannabefree the Vampire Alchemist began the quest for the
                  | Orb.
     0 | D:1      | Reached XP level 1. HP: 13/13 MP: 3/3
   165 | D:1      | Found a faded altar of an unknown god.
   312 | D:1      | Reached skill level 1 in Conjurations
   312 | D:1      | Reached XP level 2. HP: 19/19 MP: 5/5
   688 | D:1      | Gained mutation: You are afflicted with vampirism and can
                  | become a bat while bloodless. [Vampire growth]
   688 | D:1      | Reached XP level 3. HP: 19/24 MP: 2/6
   792 | D:2      | Found a blossoming altar of Fedhas.
   947 | D:2      | Learned a level 3 spell: Mephitic Cloud
  1135 | D:2      | Reached XP level 4. HP: 30/30 MP: 3/8
  1293 | D:2      | You fall into a shaft and drop 1 floor!
  1524 | D:2      | Noticed Jessica
  1528 | D:2      | Killed Jessica
  1529 | D:2      | Reached skill level 1 in Air Magic
  1870 | D:3      | Noticed Ijyb
  1879 | D:3      | HP: 3/30 [Ijyb/bolt of light (14)]
  1883 | D:3      | Killed Ijyb
  1884 | D:3      | Reached XP level 5. HP: 30/35 MP: 6/9
  2198 | D:3      | Noticed Robin
  2211 | D:3      | Killed Robin
  2214 | D:3      | Noticed Grinder
  2312 | D:3      | Reached XP level 6. HP: 41/41 MP: 11/11
  2343 | D:3      | Reached skill level 5 in Alchemy
  2761 | D:3      | Killed Grinder
  2762 | D:3      | Reached XP level 7. HP: 39/46 MP: 11/13
  2806 | D:3      | Found a snail-covered altar of Cheibriados.
  2950 | D:4      | Found an opulent altar of Gozag.
  3002 | D:4      | Reached skill level 5 in Spellcasting
  3148 | D:4      | Reached XP level 8. HP: 52/52 MP: 9/16
  3217 | D:4      | Reached skill level 1 in Long Blades
  3350 | D:4      | Found a broken altar of Ashenzari.
  3462 | D:4      | Became a worshipper of Ashenzari the Shackled
  3639 | D:5      | Entered Level 5 of the Dungeon
  3756 | D:5      | Learned a level 4 spell: Olgreb's Toxic Radiance
  3761 | D:5      | Learned a level 4 spell: Sticky Flame
  4219 | D:5      | Identified the +4 hand axe of Honour {venom, rElec rPois}
  4425 | D:5      | Reached * piety under Ashenzari
  4433 | D:5      | Reached skill level 1 in Fire Magic
  4737 | D:6      | Found a staircase to the Ecumenical Temple.
  4741 | D:6      | Reached XP level 9. HP: 57/57 MP: 6/18
  4935 | D:6      | Reached skill level 5 in Long Blades
  5021 | D:6      | Reached ** piety under Ashenzari
  5686 | D:7      | Noticed Maggie
  5697 | D:7      | Killed Maggie
  6075 | D:7      | Reached *** piety under Ashenzari
  6200 | D:7      | HP: 10/57 [raiju (8)]
  6203 | D:7      | Reached XP level 10. HP: 22/63 MP: 1/21
  6663 | D:8      | Reached skill level 1 in Evocations
  6697 | D:8      | Found a staircase to the Lair.
  6777 | D:8      | Noticed a two-headed ogre
  6793 | D:8      | Killed a two-headed ogre
  6794 | D:8      | Reached skill level 10 in Long Blades
  6844 | D:8      | Reached skill level 1 in Fighting
  7032 | D:8      | Noticed a death yak
  7125 | D:8      | Killed a death yak
  7126 | D:8      | Reached skill level 5 in Fighting
  7524 | D:9      | Identified Sif Muna's Codex of Potent Fever
  7582 | D:9      | Reached XP level 11. HP: 89/89 MP: 10/22
  7816 | D:9      | Found an iron altar of Okawaru.
  7966 | D:10     | Entered Level 10 of the Dungeon
  8073 | D:10     | Noticed a two-headed ogre
  8087 | D:10     | Killed a two-headed ogre
  8198 | D:10     | Found a burning altar of Makhleb.
  8203 | D:10     | Found a shimmering blue altar of Sif Muna.
  8321 | D:10     | Reached **** piety under Ashenzari
  8639 | D:10     | Noticed a two-headed ogre
  8650 | D:10     | Killed a two-headed ogre
  8895 | D:10     | Noticed a two-headed ogre
  8914 | D:10     | Killed a two-headed ogre
  9004 | D:10     | Found a staircase to the Orcish Mines.
  9005 | D:10     | Found a roughly hewn altar of Beogh.
  9341 | D:11     | Noticed Harold
  9405 | D:10     | Noticed a two-headed ogre
  9419 | D:10     | Killed a two-headed ogre
  9495 | D:11     | Noticed Erica
  9502 | D:11     | Killed Erica
  9503 | D:11     | Reached XP level 12. HP: 105/105 MP: 14/25
  9512 | D:11     | Noticed Urug
  9528 | D:11     | Killed Urug
  9539 | D:11     | Killed Harold
  9540 | D:11     | Reached skill level 10 in Fighting
  9542 | D:11     | Noticed a centaur warrior
  9639 | D:11     | Killed a centaur warrior
  9652 | D:11     | Found a gate leading to a gauntlet.
  9668 | Gauntlet | Entered a Gauntlet
  9668 | Gauntlet | Found a transporter.
  9677 | Gauntlet | Found a transporter.
  9680 | Gauntlet | Noticed a hell hog
  9689 | Gauntlet | Identified the -2 cloak of Zymelamo {rC- Regen+ Int+4}
  9693 | Gauntlet | Found a transporter.
  9694 | Gauntlet | Found a transporter.
  9695 | Gauntlet | Noticed a ghost crab
  9713 | Gauntlet | Found a transporter.
  9714 | Gauntlet | Identified the ring "Quxiuppi" {Fly rPois rC+++ MP-9 Dex-5}
  9723 | Gauntlet | Noticed an entropy weaver
  9726 | Gauntlet | Found a transporter.
  9735 | Gauntlet | Found a large runed translucent door.
  9736 | Gauntlet | Found a large runed translucent door.
  9737 | Gauntlet | Found a large runed translucent door.
  9738 | Gauntlet | Found a runed translucent gate.
  9739 | Gauntlet | Found a transporter.
  9739 | Gauntlet | Found a runed translucent gate.
  9740 | Gauntlet | Found a runed translucent gate.
  9742 | Gauntlet | Found a large runed translucent door.
  9743 | Gauntlet | Found a large runed translucent door.
  9750 | Gauntlet | Found a large runed translucent door.
  9751 | Gauntlet | Found a large runed translucent door.
  9751 | Gauntlet | Found a large runed translucent door.
  9752 | Gauntlet | Found a large runed translucent door.
  9752 | Gauntlet | Found a large runed translucent door.
  9752 | Gauntlet | Found a runed translucent door.
  9752 | Gauntlet | Found a runed translucent door.
  9753 | Gauntlet | Found a large runed translucent door.
  9754 | Gauntlet | Found a large runed translucent door.
  9756 | Gauntlet | Found a transporter.
  9760 | Gauntlet | Found a transporter.
  9760 | Gauntlet | Identified the ring of Nusuluape {Will+ MP+9}
  9760 | Gauntlet | Identified the scarf of Zin, Chewing {repulsion, rN+}
  9768 | Gauntlet | Found a transporter.
  9788 | Gauntlet | Identified the ring of Kimurr Yrigo {rElec rN+ Int+4}
  9790 | Gauntlet | Found a transporter.
  9792 | Gauntlet | Found a transporter.
  9793 | Gauntlet | Found a large runed translucent door.
  9794 | Gauntlet | Found a large runed translucent door.
  9795 | Gauntlet | Found a large runed translucent door.
  9795 | Gauntlet | Found a large runed translucent door.
  9824 | Gauntlet | Identified the +0 hat "Syitoogih" {+Inv Str+4 Dex+9}
  9923 | Gauntlet | HP: 22/157 [fire elemental (12)]
  9940 | Gauntlet | HP: 17/105 [fire elemental (12)]
 10317 | Gauntlet | Identified the +4 scale mail of Past Mistakes {rElec rCorr}
 10317 | Gauntlet | Identified the amulet of Lilacs {Reflect Int+5 SH+5}
 10317 | Gauntlet | Noticed a minotaur
 10333 | Gauntlet | Killed a minotaur
 10818 | Lair:1   | Entered Level 1 of the Lair of Beasts
 10928 | Lair:1   | Learned a level 5 spell: Irradiate
 10960 | Lair:1   | Reached skill level 3 in Dodging
 11095 | Lair:1   | Reached skill level 4 in Dodging
 11760 | Lair:2   | Reached skill level 10 in Alchemy
 11796 | Lair:2   | Found a staircase to the Swamp.
 11813 | Lair:2   | Reached skill level 5 in Dodging
 12159 | Lair:2   | Reached XP level 13. HP: 109/109 MP: 20/25
 12338 | Lair:2   | Reached skill level 6 in Dodging
 12478 | Lair:2   | Reached skill level 7 in Dodging
 12593 | Lair:2   | Reached skill level 8 in Dodging
 13059 | Lair:2   | Reached skill level 9 in Dodging
 13314 | Lair:3   | Reached skill level 10 in Dodging
 13324 | Lair:3   | Found a staircase to the Snake Pit.
 13520 | Lair:3   | Reached skill level 11 in Dodging
 13871 | Lair:4   | Noticed Sonja
 13882 | Lair:4   | Reached skill level 12 in Dodging
 14009 | Lair:4   | Killed Sonja
 14176 | Lair:4   | Reached ***** piety under Ashenzari
 14469 | Lair:4   | Reached XP level 14. HP: 112/120 MP: 17/28
 14513 | Lair:4   | Reached skill level 13 in Dodging
 14776 | Lair:4   | Reached ****** piety under Ashenzari
 15017 | Lair:5   | Entered Level 5 of the Lair of Beasts
 15020 | Lair:5   | Noticed Snorg
 15023 | Lair:5   | Killed Snorg
 15251 | Lair:5   | Reached skill level 14 in Dodging
 15363 | Lair:5   | Reached skill level 1 in Armour
 15681 | Lair:5   | Found a staircase to the Slime Pits.
 15798 | Lair:5   | Noticed Josephine
 15806 | Lair:5   | Killed Josephine
 17009 | Lair:2   | Reached skill level 5 in Armour
 17508 | D:12     | Reached skill level 15 in Long Blades
 17932 | Orc:1    | Entered Level 1 of the Orcish Mines
 17984 | Orc:1    | Reached XP level 15. HP: 124/124 MP: 28/28
 18136 | Orc:1    | Found a roughly hewn altar of Beogh.
 18240 | Orc:1    | Found a roughly hewn altar of Beogh.
 18352 | Orc:2    | Entered Level 2 of the Orcish Mines
 18499 | Orc:2    | Found a roughly hewn altar of Beogh.
 18504 | Orc:2    | Found a frozen archway.
 18529 | IceCv    | Entered an ice cave
 18823 | Orc:2    | Learned a level 4 spell: Ignite Poison
 19308 | Orc:2    | Found a staircase to the Elven Halls.
 19432 | Orc:2    | Found a roughly hewn altar of Beogh.
 19486 | Orc:2    | Found Unalugoq's Assorted Antiques.
 19486 | Orc:2    | Found Cokypoott's Distillery.
 19488 | Orc:2    | Found Foiteugg's Magic Scroll Shoppe.
 19490 | Orc:2    | Found Vixagyv's Jewellery Shop.
 19497 | Orc:2    | Bought a scroll of enchant armour for 105 gold pieces
 19497 | Orc:2    | Bought a scroll of enchant weapon for 105 gold pieces
 19497 | Orc:2    | Bought a scroll of blinking for 105 gold pieces
 19497 | Orc:2    | Bought a scroll of fog for 56 gold pieces
 19497 | Orc:2    | Bought a scroll of fear for 56 gold pieces
 19847 | Orc:2    | Bought a potion of resistance for 160 gold pieces
 19847 | Orc:2    | Bought a potion of heal wounds for 80 gold pieces
 19847 | Orc:2    | Bought a potion of curing for 48 gold pieces
 19847 | Orc:2    | Bought a potion of curing for 48 gold pieces
 19847 | Orc:2    | Bought a potion of curing for 48 gold pieces
 19943 | D:13     | Noticed Lodul
 19953 | D:13     | Killed Lodul
 20249 | D:13     | Found a gate to the Vaults.
 20836 | D:14     | Learned a level 4 spell: Dispel Undead
 20849 | D:14     | Reached skill level 1 in Necromancy
 20854 | D:14     | Noticed Agnes
 20859 | D:14     | Killed Agnes
 21066 | D:14     | Reached skill level 5 in Necromancy
 21185 | D:14     | Noticed Roxanne
 21353 | D:15     | Entered Level 15 of the Dungeon
 21528 | D:15     | Reached XP level 16. HP: 98/132 MP: 14/30
 21914 | D:15     | Reached skill level 15 in Dodging
 22116 | D:15     | Found a staircase to the Depths.
 22541 | Swamp:1  | Entered Level 1 of the Swamp
 24302 | Orc:2    | Bought a ring of poison resistance for 200 gold pieces
 24508 | Swamp:1  | Upgraded the game from 0.32-a0-791-gfc315c9ecd to
                  | 0.32-a0-799-g95e1662365
 24636 | Swamp:2  | Reached skill level 16 in Dodging
 24937 | Swamp:3  | Found a runed translucent door.
 24937 | Swamp:3  | Found a shimmering altar of Xom.
 24937 | Swamp:3  | Noticed Jain's ghost (adept MiFi)
 24937 | Swamp:3  | Found the +9 scales of the Dragon King {rPois rF+ rC+
                  | Will+}
 24967 | Swamp:3  | Identified the serpent talisman of Eternity {rCorr Str+2}
 24967 | Swamp:3  | Noticed Aizul
 24979 | Swamp:3  | Killed Aizul
 24981 | Swamp:3  | HP: 27/136 [poisoned by Aizul (bolt of poison)]
 24986 | Swamp:3  | HP: 23/136 [poisoned by Aizul (bolt of poison)]
 24991 | Swamp:3  | HP: 25/136 [poisoned by Aizul (bolt of poison)]
 25291 | Swamp:3  | Identified a scroll of acquirement
 25333 | Swamp:3  | Noticed a tentacled monstrosity
 25344 | Swamp:3  | Killed a tentacled monstrosity
 25436 | Swamp:3  | Acquired 901 gold pieces
 25793 | Swamp:4  | Entered Level 4 of the Swamp
 26051 | Swamp:4  | Reached XP level 17. HP: 113/144 MP: 21/31
 26062 | Swamp:4  | Gained mutation: You are weak. (Str -2) [mutagenic glow]
 26108 | Swamp:4  | Reached skill level 17 in Dodging
 26202 | Swamp:4  | Learned a level 5 spell: Freezing Cloud
 26309 | Swamp:4  | Noticed Louise
 26325 | Swamp:4  | Killed Louise
 26656 | Swamp:4  | Paralysed by a fenstrider witch for 5 turns
 26661 | Swamp:4  | HP: 17/147 [fenstrider witch (17)]
 26821 | Swamp:4  | Paralysed by a fenstrider witch for 5 turns
 26889 | Swamp:4  | Got a decaying rune of Zot
 27582 | Snake:1  | Entered Level 1 of the Snake Pit
 27654 | Snake:1  | Reached skill level 15 in Fighting
 27800 | Snake:1  | Reached skill level 1 in Ice Magic
 28625 | Snake:2  | Found Epri's Armour Emporium.
 28788 | Snake:2  | Reached skill level 5 in Air Magic
 29051 | Snake:2  | Reached XP level 18. HP: 70/154 MP: 18/31
 29881 | Snake:3  | Reached skill level 5 in Conjurations
 29966 | Snake:3  | Noticed Donald
 29982 | Snake:3  | Killed Donald
 30107 | Snake:3  | Reached skill level 5 in Ice Magic
 30574 | Snake:4  | Entered Level 4 of the Snake Pit
 31108 | Snake:4  | Reached skill level 18 in Dodging
 31493 | Snake:4  | Reached skill level 10 in Armour
 31604 | Snake:4  | Noticed Vashnia
 31624 | Snake:4  | Killed Vashnia
 31675 | Snake:4  | Found an iron altar of Okawaru.
 31687 | Snake:4  | Got a serpentine rune of Zot
 32397 | Elf:1    | Entered Level 1 of the Elven Halls
 32402 | Elf:1    | Found the +15 Maxwell's patent armour {-Cast -Tele rElec
                  | Will+ rCorr}
 32628 | Elf:1    | Reached XP level 19. HP: 152/163 MP: 15/32
 33454 | Elf:2    | Reached skill level 19 in Dodging
 33753 | Elf:2    | Found Nasmiebb's Antique Armour Shoppe.
 34139 | Elf:2    | Found a runed translucent gate.
 34140 | Elf:2    | Found a runed translucent gate.
 34140 | Elf:2    | Found a runed translucent gate.
 35164 | Elf:3    | Entered Level 3 of the Elven Halls
 35164 | Elf:3    | Found Ranol's Antique Weapon Shoppe.
 35259 | Elf:3    | Reached skill level 1 in Shields
 35513 | Elf:3    | Found a magical portal.
 35522 | WizLab   | Entered Maxwell's Workshop
 35603 | WizLab   | Reached XP level 20. HP: 136/172 MP: 22/32
 35614 | WizLab   | Reached skill level 5 in Shields
 36263 | WizLab   | Identified the +9 short sword "Konejygh" {vamp, rPois rF+
                  | rC+ Will+}
 36320 | WizLab   | Identified the ring of Ylocsott {Ice rN+}
 36612 | WizLab   | Identified the +4 sling of the Lair of Beasts {elec, rN+
                  | Dex+7}
 36803 | Elf:3    | Found Quitepeo's Magic Scroll Shoppe.
 36812 | Elf:3    | Bought a scroll of teleportation for 48 gold pieces
 36812 | Elf:3    | Bought a scroll of teleportation for 48 gold pieces
 36812 | Elf:3    | Bought a scroll of acquirement for 832 gold pieces
 36812 | Elf:3    | Bought a scroll of teleportation for 48 gold pieces
 36812 | Elf:3    | Bought a scroll of revelation for 120 gold pieces
 36812 | Elf:3    | Bought a scroll of revelation for 120 gold pieces
 36812 | Elf:3    | Bought 3 scrolls of immolation for 192 gold pieces
 36812 | Elf:3    | Acquired a manual of Long Blades
 36819 | Elf:3    | Found Ypled's General Store.
 36828 | Elf:3    | Bought a potion of curing for 48 gold pieces
 36828 | Elf:3    | Bought a scroll of fog for 64 gold pieces
 37179 | Abyss:2  | Cast into level 2 of the Abyss (a deep elf sorcerer)
 37180 | Abyss:2  | Found a corrupted altar of Lugonu.
 37234 | Abyss:2  | Noticed a profane servitor
 37481 | Abyss:2  | HP: 22/172 [hell hog/fireball (21)]
 37497 | Abyss:2  | Found a corrupted altar of Lugonu.
 37587 | Elf:3    | Escaped the Abyss
 37649 | Abyss:2  | Cast into level 2 of the Abyss (a deep elf sorcerer)
 37651 | Abyss:2  | Found a corrupted altar of Lugonu.
 37742 | Abyss:2  | Found a corrupted altar of Lugonu.
 37813 | Elf:3    | Escaped the Abyss
 37902 | Elf:3    | Reached skill level 10 in Shields
 38027 | Elf:3    | Identified the +5 glaive of Ruination {heavy, rF+ rN+}
 38177 | Elf:3    | Found Feci Muq's Book Shoppe.
 38238 | Elf:3    | Identified the +0 leather armour "Mius" {Dex+4 SInv}
 38331 | Elf:3    | Identified the staff "Botorow" {rPois rF- Str+5 Alchemy}
 38335 | Elf:3    | Identified the Compendium of Heat and Coordinates
 38335 | Elf:3    | Identified the +1 shortbow "Ityxesok" {heavy, Fly rF+}
 38337 | Elf:3    | Identified the Precepts of Dried Tears
 38337 | Elf:3    | Identified the +2 short sword of Mutilation {elec, rC+}
 38352 | Elf:3    | Identified the +2 sling "Orb Guardian's Foe" {drain, Fly
                  | Dex+4}
 38755 | Vaults:1 | Entered Level 1 of the Vaults
 38913 | Vaults:1 | Found a crumbling gateway.
 38947 | Vaults:1 | Learned a level 4 spell: Vhi's Electric Charge
 38951 | Desolati | Entered the Desolation of Salt
 38995 | Desolati | Identified Kuemow's Book of Causimancy
 38995 | Desolati | Identified the +5 broad axe of the Living Dead {heavy,
                  | *Rage rElec rF++ Stlth+}
 39043 | Desolati | Reached XP level 21. HP: 178/178 MP: 33/33
 39058 | Desolati | Reached skill level 1 in Translocations
 39195 | Desolati | Identified the Incunable of Corresponding Interference
 39200 | Desolati | Found the +9 sword of Power {lifebolt}
 39372 | Desolati | Identified the ring of Incredulity {rElec Will+ Str-4 Int+6
                  | Dex+6}
 39372 | Desolati | Identified the +0 hand axe "Rede Jih" {drain, *Rage rCorr
                  | Dex+5 Stlth+}
 39379 | Desolati | Identified the ring of Reimbursement {Int+2 Dex+6}
 39379 | Desolati | Identified the +1 dagger "Pyteto" {venom, rCorr}
 39401 | Desolati | Identified the ring "Duschaxzu" {rF- rC+ rCorr AC+4}
 39407 | Desolati | Reached skill level 20 in Dodging
 39698 | Desolati | Identified the +8 hand axe of Wounding {heavy, +Blink rCorr
                  | Str-5 SInv}
 39699 | Desolati | Identified Wuofuit's Catalogue of Shifting
 39699 | Desolati | Identified the Precepts of the Discharge and Doom
 39699 | Desolati | Identified the Dissertation on Promethean Peregrination
 39794 | Desolati | Iwannabefree: ??sword of power
 39794 | Desolati | beem: sword of power[1/3]: A +9 (+5 vorpal in 0.29-) great
                  | sword with a chance based on your current HP to shoot an
                  | irresistable, low-accuracy, range 4 beam for 1d40 damage.
 41194 | Vaults:2 | Identified Sif Muna's Folio of Crystalline Bolts
 41214 | Vaults:2 | Reached skill level 21 in Dodging
 41215 | Vaults:2 | Found a runed translucent door.
 41652 | Vaults:2 | Found Tiedel's Distillery.
 41672 | Vaults:2 | Bought a potion of curing for 63 gold pieces
 41672 | Vaults:2 | Bought a potion of haste for 210 gold pieces
 41672 | Vaults:2 | Bought 2 potions of curing for 126 gold pieces
 41672 | Vaults:2 | Bought a potion of curing for 63 gold pieces
 41672 | Vaults:2 | Bought a potion of heal wounds for 105 gold pieces
 41672 | Vaults:2 | Bought a potion of enlightenment for 105 gold pieces
 41987 | Vaults:2 | Reached XP level 22. HP: 190/192 MP: 23/35
 42040 | Vaults:2 | Found Wodeq's Assorted Antiques.
 42048 | Vaults:2 | Bought a glowing double sword for 540 gold pieces
 42070 | Vaults:2 | Bought a scroll of fog for 120 gold pieces
 42229 | Vaults:2 | Iwannabefree: ??zealots sword
 42229 | Vaults:2 | beem: zealots sword ~ zealot's sword[1/1]: +10 eudemon
                  | blade of holy wrath, berserkitis, rN+, and EV+3. The
                  | berserkitis triggers on 20% of attacks. Going berserk (by
                  | any means) while wielding this sword will cause all allies
                  | that can berserk in LOS to go berserk as well.
 42490 | Vaults:3 | Noticed Asterion
 42499 | Vaults:3 | Killed Asterion
 42798 | Vaults:3 | Reached skill level 22 in Dodging
 43129 | Vaults:3 | Identified the +0 robe of the Countless Villages {Harm
                  | rCorr Archmagi}
 43262 | Vaults:3 | Acquired a Fen Folio
 43273 | Vaults:3 | Learned a level 6 spell: Eringya's Noxious Bog
 43276 | Vaults:3 | Learned a level 2 spell: Blink
 43321 | Vaults:3 | Identified the +1 chain mail of the Tuna {Str+7}
 43344 | Vaults:3 | Found a staircase to the Crypt.
 43859 | Vaults:4 | Found Sulusele's Distillery.
 43867 | Vaults:4 | Bought a potion of enlightenment for 95 gold pieces
 43867 | Vaults:4 | Bought a potion of mutation for 152 gold pieces
 43867 | Vaults:4 | Bought a potion of mutation for 152 gold pieces
 43867 | Vaults:4 | Bought a potion of enlightenment for 95 gold pieces
 43867 | Vaults:4 | Bought a potion of curing for 57 gold pieces
 43867 | Vaults:4 | Bought a potion of mutation for 152 gold pieces
 43867 | Vaults:4 | Bought a potion of curing for 57 gold pieces
 43867 | Vaults:4 | Bought a potion of cancellation for 152 gold pieces
 44105 | Vaults:4 | Found Eluykug's Distillery.
 44183 | Vaults:4 | Bought a potion of resistance for 140 gold pieces
 44183 | Vaults:4 | Bought a potion of heal wounds for 70 gold pieces
 44183 | Vaults:4 | Bought a potion of heal wounds for 70 gold pieces
 44183 | Vaults:4 | Bought a potion of ambrosia for 112 gold pieces
 44183 | Vaults:4 | Bought a potion of enlightenment for 70 gold pieces
 44183 | Vaults:4 | Bought a potion of enlightenment for 70 gold pieces
 44183 | Vaults:4 | Bought a potion of enlightenment for 70 gold pieces
 44305 | Vaults:4 | Found Mem Rami's Antique Armour Boutique.
 44383 | Vaults:4 | Found Plog's Magic Scroll Shoppe.
 44383 | Vaults:4 | Found Guipan's Magic Scroll Shop.
 44403 | Vaults:4 | Bought a scroll of teleportation for 45 gold pieces
 44403 | Vaults:4 | Bought a scroll of fear for 60 gold pieces
 44403 | Vaults:4 | Bought a scroll of blinking for 112 gold pieces
 44403 | Vaults:4 | Bought a scroll of fear for 60 gold pieces
 44406 | Vaults:4 | Bought a scroll of revelation for 127 gold pieces
 44601 | Vaults:4 | Reached skill level 23 in Dodging
 44614 | Vaults:4 | Paralysed by a sphinx for 4 turns
 44981 | Vaults:4 | Iwannabefree: ??storm talis
 44981 | Vaults:4 | beem: I don't have a page labeled storm_talis in my
                  | learndb.
 44981 | Vaults:4 | Iwannabefree: ??storm talisman
 44981 | Vaults:4 | beem: storm form[1/1]: You are the storm that is
                  | approaching. Large UC and EV bonuses that scale with
                  | shapeshifting. Elec-branded cleaving melee, built-in
                  | blinkbolt (blink through monsters and zap em). Comes with
                  | flying, {insubstanial}, and a few resists.
 44981 | Vaults:4 | Iwannabefree: ??statue form
 44981 | Vaults:4 | beem: statue form[1/2]: Grants scaling AC and +30% HP.
                  | Makes you take 50% more time to take any action, like the
                  | slow spell. Melds gloves, boots, bardings, and body armour.
                  | Provides rElec, rN+, 50% rTorm, rRot+, and poison immunity.
                  | 12 base unarmed damage and 50% bonus on all melee.
                  | Gargoyles can't use granite talismans.
 45452 | Crypt:1  | Entered Level 1 of the Crypt
 45512 | Crypt:1  | Reached skill level 1 in Shapeshifting
 45857 | Crypt:1  | Paralysed by a vampire knight for 5 turns
 45862 | Crypt:1  | HP: 23/163 [phantasmal warrior[a vampire knight] (17)]
 46057 | Crypt:1  | Noticed Grunn
 46087 | Crypt:1  | Reached XP level 23. HP: 189/189 MP: 38/38
 46117 | Crypt:1  | Killed Grunn
 46146 | Crypt:1  | Reached skill level 5 in Shapeshifting
 46429 | Crypt:1  | Gained mutation: You possess an exceptional clarity of
                  | mind. [mutagenic glow]
 47192 | Crypt:2  | Noticed Jory
 47208 | Crypt:2  | Killed Jory
 48224 | Crypt:3  | Entered Level 3 of the Crypt
 48224 | Crypt:3  | Noticed Zenata
 48232 | Crypt:3  | Killed Zenata
 48541 | Crypt:3  | Noticed a dread lich
 48547 | Crypt:3  | Killed a dread lich
 48598 | Crypt:3  | Acquired a manual of Shields
 48754 | Crypt:3  | Found a staircase to the Tomb.
 48905 | Crypt:3  | Noticed Mennas
 49009 | Crypt:3  | Killed Mennas
 49071 | Crypt:3  | Found the +7 lajatang of Order {silver, rMut}
 49072 | Crypt:3  | Identified the amulet of Autotheism {Faith rElec rN+ Will-
                  | Str+5}
 49073 | Crypt:3  | Identified the staff "Qoloymm" {rN+ Str+2 Int+2 Necro Tloc}
 49145 | Crypt:3  | Noticed a dread lich
 49251 | Crypt:3  | Killed a dread lich
 49377 | Crypt:3  | Noticed an ancient lich
 49377 | Crypt:3  | Noticed a dread lich
 49387 | Crypt:3  | Killed a dread lich
 49388 | Crypt:3  | Reached skill level 10 in Shapeshifting
 49390 | Crypt:3  | Killed an ancient lich
 50059 | Slime:1  | Entered Level 1 of the Pits of Slime
 50069 | Slime:1  | Paralysed by a formless jellyfish for 1 turns
 50078 | Slime:1  | Gained mutation: You have hidden genetic defects. [a
                  | shining eye]
 50249 | Slime:5  | Entered Level 5 of the Pits of Slime
 50335 | Slime:5  | Reached XP level 24. HP: 127/221 MP: 16/38
 50343 | Slime:5  | HP: 42/221 [acid blob/splash of acid (24)]
 50352 | Slime:5  | HP: 34/221 [acid blob/splash of acid (22)]
 50427 | Slime:5  | Noticed the Royal Jelly
 50437 | Slime:5  | Killed the Royal Jelly
 50460 | Slime:5  | Gained mutation: Your magical capacity is low. (-10% MP)
                  | [hidden defects]
 50466 | Slime:5  | Lost mutation: Your magical capacity is low. (-10% MP)
                  | [potion of mutation]
 50466 | Slime:5  | Lost mutation: You are weak. (Str -2) [potion of mutation]
 50466 | Slime:5  | Gained mutation: Your mind is acute. (Int +4, Str/Dex -1)
                  | [potion of mutation]
 50466 | Slime:5  | Gained mutation: You are agile. (Dex +4, Str/Int -1)
                  | [potion of mutation]
 50466 | Slime:5  | Gained mutation: You have large cloven feet. [potion of
                  | mutation]
 50486 | Slime:5  | Identified the +1 robe "Rasoisiv" {+Inv Will+ Regen+}
 50486 | Slime:5  | Identified the Elucidation of the Windy Summer
 50486 | Slime:5  | Identified the +4 hand cannon of Nuehypir {penet, Fly}
 50487 | Slime:5  | Identified the Volume of Damage
 50487 | Slime:5  | Found the +5 demon whip "Spellbinder" {antimagic, disrupt,
                  | Will+}
 50531 | Slime:5  | Identified the +1 chain mail of Lifelessness {rC+ Dex+3}
 50533 | Slime:5  | Got a slimy rune of Zot
 50539 | Slime:5  | Got a starry gem with 119 turns to spare
 51009 | Vaults:4 | Bought a runed scarf for 312 gold pieces
 51018 | Vaults:4 | Learned a level 2 spell: Lesser Beckoning
 51128 | Depths:1 | Entered Level 1 of the Depths
 51144 | Depths:1 | Upgraded the game from 0.32-a0-799-g95e1662365 to
                  | 0.32-a0-814-g0968bab981
 51147 | Depths:1 | Found a shadowy altar of Dithmenos.
 51481 | Depths:1 | Gained mutation: You are occasionally teleported next to
                  | monsters. [hidden defects]
 51481 | Depths:1 | Lost mutation: You have hidden genetic defects. [hidden
                  | defects expressed]
 51483 | Depths:1 | Lost mutation: Your mind is acute. (Int +4, Str/Dex -1)
                  | [potion of mutation]
 51483 | Depths:1 | Lost mutation: You are occasionally teleported next to
                  | monsters. [potion of mutation]
 51483 | Depths:1 | Gained mutation: You have hidden genetic defects. [potion
                  | of mutation]
 51483 | Depths:1 | Gained mutation: You have an increased reservoir of magic.
                  | (+10% MP) [potion of mutation]
 51483 | Depths:1 | Gained mutation: Potions are less effective at restoring
                  | your health. [potion of mutation]
 51597 | Depths:1 | Identified the +7 broad axe of Fresh Conscience {flame,
                  | rCorr}
 51599 | Depths:1 | Found a gateway to Hell.
 51695 | Depths:1 | Reached skill level 10 in Ice Magic
 51768 | Depths:1 | Found Homiziat's Book Emporium.
 51773 | Depths:1 | Found Otwoumn's Jewellery Shop.
 51774 | Depths:1 | Found Houteaxt's Book Emporium.
 51819 | Depths:1 | Found a one-way gate to the infinite horrors of the Abyss.
 52339 | Depths:2 | Noticed a dread lich
 52537 | Depths:2 | Gained mutation: You occasionally shout uncontrollably at
                  | your foes. [hidden defects]
 52754 | Depths:2 | Killed a dread lich
 52925 | Depths:2 | Found a one-way gate leading to the halls of Pandemonium.
 53485 | Depths:3 | Gained mutation: Your body sometimes deteriorates upon
                  | taking damage. [hidden defects]
 53485 | Depths:3 | Lost mutation: You have hidden genetic defects. [hidden
                  | defects expressed]
 54152 | Depths:4 | Entered Level 4 of the Depths
 54165 | Depths:4 | Reached XP level 25. HP: 199/228 MP: 27/41
 54225 | Depths:4 | Reached skill level 24 in Dodging
 54580 | Depths:4 | Found a gate to the Realm of Zot.
 54666 | Depths:4 | Noticed Parghit
 54994 | Depths:4 | Found a one-way gateway to a ziggurat.
 55018 | Depths:4 | Killed Parghit
 55232 | Vaults:5 | Entered Level 5 of the Vaults
 55379 | Vaults:5 | Noticed a dread lich
 55488 | Vaults:5 | Killed a dread lich
 55621 | Vaults:5 | Noticed an ancient lich
 55765 | Vaults:4 | Killed an ancient lich
 56290 | Vaults:5 | Got a silver rune of Zot
 56450 | Vaults:5 | Reached XP level 26. HP: 223/240 MP: 16/41
 56457 | Vaults:5 | Found Oqoahimmeh's Antique Armour Shoppe.
 56460 | Vaults:5 | Identified Xumitt's Codex of Changing Immolation
 56584 | Vaults:5 | Found Eveicw's Antique Armour Shoppe.
 56599 | Vaults:5 | Bought a glowing buckler for 187 gold pieces
 56626 | Vaults:5 | Reached skill level 15 in Alchemy
 56679 | Vaults:5 | Found Banuxt's Jewellery Shoppe.
 56679 | Vaults:5 | Found Vyphajo's Weapon Shoppe.
 56786 | Vaults:5 | Found Aduenoh's Distillery.
 56796 | Vaults:5 | Bought a potion of curing for 42 gold pieces
 56796 | Vaults:5 | Bought a potion of cancellation for 112 gold pieces
 56796 | Vaults:5 | Bought a potion of invisibility for 112 gold pieces
 56796 | Vaults:5 | Bought a potion of heal wounds for 70 gold pieces
 56796 | Vaults:5 | Bought a potion of resistance for 140 gold pieces
 56800 | Vaults:5 | Identified the +5 orcbow "Yvyli Vel" {drain, Str+3}
 56819 | Vaults:5 | Found Xyawe's Magic Scroll Boutique.
 56819 | Vaults:5 | Found Bizosh's Magic Scroll Shoppe.
 56824 | Vaults:5 | Bought a scroll of fog for 72 gold pieces
 56824 | Vaults:5 | Bought a scroll of revelation for 135 gold pieces
 56824 | Vaults:5 | Bought a scroll of revelation for 135 gold pieces
 56824 | Vaults:5 | Bought a scroll of revelation for 135 gold pieces
 56824 | Vaults:5 | Bought a scroll of summoning for 171 gold pieces
 56831 | Vaults:5 | Bought a scroll of blinking for 120 gold pieces
 56831 | Vaults:5 | Bought a scroll of summoning for 152 gold pieces
 56838 | Vaults:5 | Found Amurchah's Magic Scroll Shoppe.
 56842 | Vaults:5 | Bought a scroll of fear for 76 gold pieces
 56842 | Vaults:5 | Bought a scroll of fear for 76 gold pieces
 56842 | Vaults:5 | Bought a scroll of brand weapon for 180 gold pieces
 57178 | Vaults:5 | Learned a level 3 spell: Passwall
 57179 | Vaults:5 | Iwannabefree: ??permafrost eruption
 57179 | Vaults:5 | beem: I don't have a page labeled permafrost_eruption in my
                  | learndb.
 57184 | Vaults:5 | Learned a level 4 spell: Passage of Golubria
 57494 | Depths:3 | Voluntarily entered the Abyss.
 57647 | Abyss:3  | Found a corrupted altar of Lugonu.
 57701 | Abyss:3  | Found a corrupted altar of Lugonu.
 57705 | Abyss:3  | Found a corrupted altar of Lugonu.
 57716 | Abyss:3  | Found a corrupted altar of Lugonu.
 57716 | Abyss:3  | Found a corrupted altar of Lugonu.
 57793 | Abyss:3  | Found a corrupted altar of Lugonu.
 57899 | Abyss:3  | Reached skill level 5 in Hexes
 57992 | Abyss:3  | Got an abyssal rune of Zot
 58158 | Abyss:3  | Reached skill level 10 in Hexes
 58169 | Depths:3 | Escaped the Abyss
 58221 | Zig:1    | Entered Level 1 of a ziggurat
 58254 | Zig:2    | Entered Level 2 of a ziggurat
 58285 | Zig:3    | Entered Level 3 of a ziggurat
 58288 | Zig:3    | Found the ring of the Octopus King {Fly HP+2 AC+2 EV+2
                  | SH+2}
 58288 | Zig:3    | Found the ring of the Octopus King {Fly HP+2 AC+2 EV+2
                  | SH+2}
 58325 | Zig:4    | Entered Level 4 of a ziggurat
 58328 | Zig:4    | Noticed an ancient lich
 58337 | Zig:4    | Killed an ancient lich
 58482 | Zig:5    | Entered Level 5 of a ziggurat
 58486 | Zig:5    | Identified the amulet of Coan {Acrobat rC++}
 58487 | Zig:5    | Found the +6 Majin-Bo {spellvamp, MP+6 Int+6}
 58516 | Zig:5    | Learned a level 7 spell: Enfeeble
 58534 | Zig:6    | Entered Level 6 of a ziggurat
 58539 | Zig:6    | Identified the +1 morningstar "Qesmen" {freeze, rCorr
                  | Int+3}
 58539 | Zig:6    | Identified the amulet of Waopomm {Spirit Regen+ Dex+5}
 58582 | Zig:6    | Noticed a royal mummy
 58588 | Zig:6    | Killed a royal mummy
 58589 | Zig:6    | Reached skill level 1 in Throwing
 58707 | Zig:6    | Identified the Incunable of the Storm and Direction
 58734 | Zig:7    | Entered Level 7 of a ziggurat
 58740 | Zig:7    | Noticed a dread lich
 58740 | Zig:7    | Identified Kebbur's Directory of Percussion and Jinxing
 58740 | Zig:7    | Identified the +2 hand axe of Dahy {flame, ^Contam rPois
                  | Will+ Int+2}
 58750 | Zig:7    | Noticed a dread lich
 58751 | Zig:7    | Killed a dread lich
 58757 | Zig:7    | Killed a dread lich
 58908 | Zig:8    | Entered Level 8 of a ziggurat
 58913 | Zig:8    | Identified the ring "Noodih" {Fly rPois rC+ SInv}
 59013 | Zig:9    | Entered Level 9 of a ziggurat
 59019 | Zig:9    | Identified the ring of Rufiq {rPois rN+ Will+ Dex+6}
 59060 | Zig:9    | Reached skill level 5 in Throwing
 59060 | Zig:9    | Reached skill level 15 in Hexes
 59060 | Zig:9    | Reached XP level 27. HP: 211/245 MP: 22/40
 59125 | Zig:10   | Entered Level 10 of a ziggurat
 59134 | Zig:10   | Identified the +6 morningstar of Resourcefulness {freeze,
                  | +Blink Str+3}
 59162 | Zig:10   | Identified the +9 sling "Woideps" {freeze, Int+6}
 59289 | Zig:11   | Entered Level 11 of a ziggurat
 59297 | Zig:11   | Identified the +4 great mace of Imuzeim {drain, rElec rC+
                  | Str+3}
 59298 | Zig:11   | Noticed Eresibb the pandemonium lord
 59298 | Zig:11   | Identified the +9 short sword "Secerix" {holy, Int+2}
 59312 | Zig:11   | Noticed Mis Titzese the pandemonium lord
 59313 | Zig:11   | Noticed Olienehu the pandemonium lord
 59318 | Zig:11   | Identified the +7 mace of Hytaplod {heavy, Fly rF+}
 59549 | Vaults:5 | Bought shiny pearl dragon scales for 2756 gold pieces
 59844 | Zot:1    | Entered Level 1 of the Realm of Zot
 59856 | Zot:1    | Noticed an ancient lich
 59992 | Zot:1    | Killed an ancient lich
 60181 | Zot:1    | Noticed an ancient lich
 60181 | Zot:1    | Noticed a dread lich
 60185 | Zot:1    | Killed an ancient lich
 60189 | Zot:1    | Killed a dread lich
 60362 | Zot:2    | Identified the ring of Rilissoal {rN+ Int+3}
 60451 | Zot:2    | Identified the +1 great sword "Ipnex" {chaos, rPois rN+
                  | Dex-3}
 60451 | Zot:2    | Identified the +1 scale mail of Creativity {rPois rF+
                  | Int+2}
 60470 | Zot:2    | Gained mutation: You are weak. (Str -2) [a shining eye]
 60493 | Zot:2    | Gained mutation: You are dopey. (Int -2) [a shining eye]
 60496 | Zot:2    | Lost mutation: You occasionally shout uncontrollably at
                  | your foes. [potion of mutation]
 60496 | Zot:2    | Lost mutation: You have an increased reservoir of magic.
                  | (+10% MP) [potion of mutation]
 60496 | Zot:2    | Gained mutation: You are very weak. (Str -4) [potion of
                  | mutation]
 60506 | Zot:2    | Found a large runed translucent door.
 60508 | Zot:2    | Found a large runed translucent door.
 60509 | Zot:2    | Found a large runed translucent door.
 60509 | Zot:2    | Found a shimmering altar of Xom.
 60510 | Zot:2    | Found a large runed translucent door.
 60510 | Zot:2    | Found a large runed translucent door.
 60510 | Zot:2    | Found a large runed translucent door.
 60511 | Zot:2    | Found a large runed translucent door.
 60511 | Zot:2    | Found a large runed translucent door.
 60511 | Zot:2    | Identified the +10 great sword of the Gibberer {chaos, rN+
                  | Will+}
 60511 | Zot:2    | Identified the +2 scale mail of the Land of Plenty
                  | {*Corrode rElec rPois Slay+5}
 60531 | Zot:2    | Identified the +7 hand cannon of Focolepp {chaos, rElec}
 60531 | Zot:2    | Identified the +0 robe of Avvon {*Corrode Str+8 Archmagi}
 60531 | Zot:2    | Identified the +3 dire flail of False Accusations {chaos,
                  | rN+ Int+3}
 60535 | Zot:2    | Identified the +8 dire flail "Aficzuif" {chaos, Will+}
 60535 | Zot:2    | Identified the +5 hand cannon of Gloom {chaos, Stlth+}
 60535 | Zot:2    | Identified the +1 robe of Past Mistakes {rC+}
 60537 | Zot:2    | Identified the +1 battleaxe of Bodesm {chaos, Int+4 Dex+2}
 60537 | Zot:2    | Identified the +0 chain mail of Indecent Exposure {Rampage
                  | Int+2}
 60677 | Zot:2    | Paralysed by a Zot trap for 4 turns
 60845 | Zot:4    | Reached skill level 15 in Armour
 60896 | Zot:5    | Entered Level 5 of the Realm of Zot
 60980 | Zot:5    | Got a prismatic gem with 362 turns to spare
 61016 | Zot:5    | Noticed a dread lich
 61017 | Zot:5    | Noticed an orb of fire
 61032 | Zot:5    | Gained mutation: You have hidden genetic defects. [an orb
                  | of fire]
 61033 | Zot:5    | Killed an orb of fire
 61037 | Zot:5    | Killed a dread lich
 61067 | Zot:5    | Noticed an ancient lich
 61076 | Zot:5    | Killed an ancient lich
 61085 | Zot:5    | Noticed an orb of fire
 61090 | Zot:5    | Gained mutation: You are vulnerable to cold. (rC-) [an orb
                  | of fire]
 61100 | Zot:5    | Gained mutation: You have a pair of small horns on your
                  | head. [an orb of fire]
 61101 | Zot:5    | Gained mutation: Your spells are a little easier to cast,
                  | but a little less powerful. [an orb of fire]
 61102 | Zot:5    | Killed an orb of fire
 61206 | Zot:5    | Noticed an orb of fire
 61221 | Zot:5    | Killed an orb of fire
 61227 | Zot:5    | Gained mutation: You occasionally lose the ability to read
                  | scrolls when taking damage. [hidden defects]
 61263 | Zot:5    | Got the Orb of Zot
 61468 | Depths:4 | Noticed Itsoih the pandemonium lord
 61468 | Depths:4 | Noticed an ancient lich
 61476 | Depths:4 | Killed an ancient lich
 61499 | Depths:3 | Noticed Zinehyfi the pandemonium lord
 61773 | D:10     | Noticed Xir Hutu the pandemonium lord
 61959 | D:1      | Noticed Josujoem the pandemonium lord
 62004 | D:$      | Escaped with the Orb!

Illustrated notes

Levels and vault maps discovered:
D:1:      tarquinn_simple_flora_water_a, layout_loops_ring,
          hellmonk_ecumenical_altar_run_dry, minmay_tromino_i2
D:2:      layout_basic, basic_altar, hangedman_abyss_or_decor_stabs,
          uniq_jessica
D:3:      layout_loops_ring, mainiacjoe_overflow_alcove_4, uniq_ijyb,
          uniq_robin, uniq_grinder
D:4:      layout_basic, grunt_gozag_breadcrumbs, mainiacjoe_overflow_paths,
          minivault_27
D:5:      minmay_chambers_of_threes, layout_gridville
D:6:      layout_gridville, minmay_temple_entry_glass
D:7:      layout_gridville, nicolae_have_a_lightning_rod, uniq_maggie
D:8:      layout_rooms, dpeg_lair_monsters
D:9:      layout_rooms, mainiacjoe_overflow_tiny_flanked, serial_curves,
          eino_curves_01, eino_curves_01, nicolae_nh_ransacked_shop
D:10:     minmay_octagon_keep, layout_irregular_city, minitemple, david_orc_5,
          minmay_misc_feat_iff
D:11:     layout_cave_pools, gauntlet_entry_generic, uniq_erica, uniq_urug,
          uniq_harold
D:12:     layout_basic
D:13:     layout_rooms, erik_vaults_1, uniq_lodul
D:14:     layout_loops_ring, nicolae_cairo_tiling_large, uniq_agnes,
          uniq_roxanne
D:15:     hellmonk_depths_entry_around_the_bend, layout_long_grid,
          nicolae_elyvilon_peaceful_grove
Lair:1:   layout_roguey, nicolae_quartered_pool_little
Lair:2:   hangedman_what_comes_after_a, layout_regular_city,
          skrybe_swamp_entry_bodies, minmay_lair_oklob_bushes
Lair:3:   layout_cave_shapes, guppyfry_snake_entry_garden
Lair:4:   layout_long_grid, serial_bayou_lagoon_b, infiniplex_staircase_pool,
          uniq_sonja
Lair:5:   hangedman_lair_in_review, layout_hall_layers,
          guppyfry_lair_end_dragon, nicolae_slime_entry_field_trip,
          uniq_josephine, uniq_snorg
Swamp:1:  layout_basic_swamp, nicolae_swamp_big_swirl, swamp_pool_1_2
Swamp:2:  layout_basic_swamp, evilmike_swamp_ruin_house_1, swamp_pool_5,
          hangedman_swamp_ravenous
Swamp:3:  layout_basic_swamp, ebering_ghost_xom, evilmike_swamp_ruin_house_2,
          swamp_pool_5, uniq_aizul
Swamp:4:  nzn_swamp_witches_coven, layout_basic_swamp, swamp_pool_1_2,
          cheibrodos_swamp_minitomb, infiniplex_staircase_pool_2, uniq_louise
Snake:1:  layout_grid_shapes, nicolae_snake_salamander_jacuzzi
Snake:2:  nicolae_snake_nest, layout_onion, serial_shops, shop_fountains
Snake:3:  layout_basic, grunt_megastairs_5, uniq_donald
Snake:4:  grunt_snake_rune_serpentine_throne, layout_misc_corridors
Slime:1:  layout_caves
Slime:2:  layout_caves
Slime:3:  layout_caves
Slime:4:  cheibrodos_slime_lost_civilization_8, layout_caves,
          nicolae_slime_getting_an_eyeful
Slime:5:  slime_pit_nicolae_royal_road_to_ruin
Orc:1:    layout_diamond_mine, basic_altar, minmay_orc_temple_a
Orc:2:    st_orc_rangers, layout_diamond_mine, basic_altar,
          portal_ice_cave_entry_pillars_1, mines1_david
Elf:1:    layout_loops_corners, minmay_elf_crystal_heptagon,
          dreamdust_deal_with_the_devil
Elf:2:    nicolae_elf_blades_crystal_corner, layout_gridlike, serial_shops,
          nicolae_shop_crystal, patterned_corridor
Elf:3:    grunt_elf_hall_asides, layout_gridlike, serial_shops, shop,
          nicolae_shop_advertising_works [nicolae_subvault_shop_adworks], shop,
          shop, mu_enter_wizlab_5, regret_index_elf_centigrade
Vaults:1: portal_desolation_entry_twin_temple, v_pattern_2, v_misc_24,
          vaults_room_ringed_pool, nicolae_vaults_twisting_passages,
          nicolae_vaults_shelves_hall, hangedman_vaults_river_flow, v_misc_12,
          hangedman_vaults_trim, nicolae_vaults_bisected_slash,
          hangedman_vaults_restitches, nicolae_vaults_little_squares_4,
          v_misc_14, nicolae_vaults_house_2, layout_vaults_omnicross
Vaults:2: nicolae_vaults_diagonal_hallway_8, nicolae_vaults_oozy_zoo,
          nicolae_vaults_storage_closets_1, v_misc_19, v_misc_32,
          hangedman_vaults_capsules, nicolae_vaults_offset_grid_hallway_1,
          v_misc_4, hangedman_vaults_restitches,
          nicolae_vaults_closet_pinwheel_1, ontoclasm_vaults_claustrophobia,
          vaults_dpeg_ring, layout_vaults_ring, serial_shops,
          nicolae_shop_stone, shop
Vaults:3: nicolae_vaults_stepped_doors, ontoclasm_vaults_ring_large, st_cross,
          nicolae_vaults_three_branches, nicolae_vaults_triangles,
          nicolae_vaults_diamond_2, nicolae_vaults_tetromino_L_1,
          minmay_crypt_entry_simple_box, nicolae_vaults_diagonal_hallway_6,
          layout_vaults_quadrants, uniq_asterion
Vaults:4: vaults_mumra_hexcomb, vaults_room_boxed, grunt_vaults_twisty,
          nicolae_vaults_shelves_hall, v_misc_12,
          nicolae_vaults_trapezoid_lopsided_4, v_misc_17,
          nicolae_vaults_wine_cellar, nicolae_vaults_trapezoid_3, v_rooms_3,
          layout_vaults_big_room, serial_shops, shop,
          nicolae_shop_industrial_runoff, shop, nicolae_shop_just_a_little_nook,
          shop
Vaults:5
Crypt:1:  layout_misc_corridors, serial_library_regret_index_closets,
          lemuel_upstairs_altar, grunt_crypt_arrival_webbed, uniq_grunn
Crypt:2:  layout_misc_corridors, uniq_jory
Crypt:3:  david_glass_crypt, layout_basic, nicolae_tomb_entry_grand_gallery,
          uniq_zenata, uniq_mennas
Depths:1: layout_cave_pools, hangedman_decor_clover_reticule,
          hangedman_abyss_entry_splay, lightli_too_deep,
          chequers_serial_rivers_micro_c, grunt_ministairs_12,
          nicolae_lava_and_water, drop_trap, grunt_dithmenos_smoke_and_mirrors,
          minmay_shop_grove
Depths:2: hellmonk_paralyzer, layout_gridlike, pan_entry,
          hangedman_coc_ice_floe, serial_bayou_shore_b,
          kennysheep_random_hallway, uniq_josephina
Depths:3: grunt_twist_and_shout, layout_honeycomb, abyss_entry, hell_entry
Depths:4: evilmike_zot_entry_gauntlet, layout_cave_pools, enter_ziggurat_e,
          hell_entry, zin_academy, uniq_parghit
Zot:1:    hellmonk_crystal_mountain, layout_misc_corridors,
          regret_index_zotdec_plus
Zot:2:    layout_twisted_circle, regret_index_zotdec_iron_s,
          hangedman_xom_zot_hilarity
Zot:3:    layout_gridlike, regret_index_zotdec_dark_gr, grunt_megastairs_2
Zot:4:    grunt_deathspiral_small, layout_onion, hangedman_zot_wheel_spokes,
          regret_index_zotdec_silver_v_v_loose, uniq_tiamat
Zot:5:    layout_twisted_circle

Skill      XL: |  1  2  3  4  5  6  7  8  9 10 11 12 13 14 15 16 17 18 19 20 21 22 23 24 25 26 27 |
---------------+----------------------------------------------------------------------------------+-----
Conjurations   | 1 2 3 4 5 |  5.2
Alchemy        | 4 5 7 8 9 10 11 14 15 | 15.4
Air Magic      | 1 2 3 5 6 |  6.3
Spellcasting   | 3 4 5 6 |  6.8
Long Blades    | 4 9 10 12 13 15 19 | 19.5
Fire Magic     | 2 |  2.2
Evocations     | 3 |  3.0
Fighting       | 6 9 10 12 15 16 18 20 21 23 | 23.5
Dodging        | 5 12 14 16 17 18 19 21 23 24 | 24.3
Armour         | 5 7 8 10 11 18 | 18.1
Necromancy     | 6 |  6.0
Ice Magic      | 3 5 12 | 12.2
Shields        | 4 10 | 10.0
Translocations | 4 |  4.0
Shapeshifting  | 4 12 13 | 13.4
Hexes          | 15 | 15.7
Throwing       | 5 |  5.8
Stealth        | |  3.0

Action                     |  1- 3 |  4- 6 |  7- 9 | 10-12 | 13-15 | 16-18 | 19-21 | 22-24 | 25-27 || total
---------------------------+-------+-------+-------+-------+-------+-------+-------+-------+-------++-------
  Melee: Short sword       |    38 |     8 |    43 |    52 |       |       |       |       |       ||   141
         Unarmed           |     4 |       |       |       |       |       |       |       |       ||     4
         Club              |       |    21 |       |       |       |       |       |       |       ||    21
         Bite              |       |     8 |    34 |    31 |    75 |   159 |   199 |   277 |   271 ||  1054
         Dagger            |       |    63 |    92 |       |       |       |       |       |       ||   155
         Hand axe          |       |       |    31 |       |       |       |       |       |       ||    31
         Great sword       |       |       |       |   175 |   607 |   927 |   151 |       |       ||  1860
         Double sword      |       |       |       |       |       |       |   380 |       |       ||   380
         Eudemon blade     |       |       |       |       |       |       |   521 |  1246 |  1161 ||  2928
         Headbutt          |       |       |       |       |       |       |       |       |    45 ||    45
  Throw: Dart              |       |       |       |     5 |       |       |       |       |       ||     5
         Javelin           |       |       |       |       |     6 |     3 |       |       |     2 ||    11
   Cast: Sting             |    57 |    50 |    13 |       |       |       |       |       |       ||   120
         Mephitic Cloud    |       |     3 |    11 |    14 |     6 |     1 |       |       |       ||    35
         Olgreb's Toxic Ra |       |       |    37 |    91 |   157 |   104 |   104 |   106 |    69 ||   668
         Sticky Flame      |       |       |    10 |    29 |    48 |    72 |    10 |     2 |       ||   171
         Irradiate         |       |       |       |       |    18 |    99 |    74 |    54 |    49 ||   294
         Ignite Poison     |       |       |       |       |    13 |    20 |    42 |    52 |    50 ||   177
         Freezing Cloud    |       |       |       |       |       |     5 |     1 |       |       ||     6
         Dispel Undead     |       |       |       |       |       |       |     2 |   123 |    81 ||   206
         Eringya's Noxious |       |       |       |       |       |       |       |    18 |    26 ||    44
         Lesser Beckoning  |       |       |       |       |       |       |       |       |    14 ||    14
         Passwall          |       |       |       |       |       |       |       |       |     3 ||     3
         Enfeeble          |       |       |       |       |       |       |       |       |     3 ||     3
         Blink             |       |       |       |       |       |       |       |       |     2 ||     2
 Invoke: Curse Item        |       |       |     5 |     4 |     5 |     1 |     1 |     2 |     5 ||    23
         Shatter the Chain |       |       |       |     3 |     3 |     1 |     1 |     2 |     3 ||    13
Ability: Exsanguinate      |       |       |       |       |       |       |       |     1 |       ||     1
         Revivify          |       |       |       |       |       |       |       |     1 |       ||     1
  Evoke: Wand              |       |     5 |     1 |    10 |    14 |       |     2 |     3 |     3 ||    38
         Lightning rod     |       |       |       |     3 |     4 |     1 |     2 |       |       ||    10
         Sack of spiders   |       |       |       |     1 |     1 |       |       |       |       ||     2
         Condenser vane    |       |       |       |       |     1 |     1 |       |       |       ||     2
    Use: Potion            |       |     1 |     1 |     5 |     4 |     2 |     9 |    15 |    25 ||    62
         Scroll            |       |       |       |     2 |     3 |    12 |    20 |    19 |    34 ||    90
   Stab: Sleeping          |     5 |       |     5 |     2 |    11 |     8 |    22 |    19 |     4 ||    76
         Confused          |       |     1 |     9 |     6 |     5 |     2 |       |       |       ||    23
         Invisible         |       |       |       |     2 |     5 |       |       |       |     6 ||    13
         Distracted        |       |       |       |       |     2 |     5 |     3 |     9 |     4 ||    23
 Armour: Robe              |    28 |    58 |    82 |       |       |       |       |    97 |   313 ||   578
         Steam dragon scal |       |       |    23 |   171 |   221 |   583 |   366 |   263 |       ||  1627
  Dodge: Dodged            |    30 |    58 |    86 |   151 |   679 |  1361 |  1119 |  1479 |  1770 ||  6733
  Block: Other             |       |       |       |    12 |    72 |       |       |       |       ||    84
         Reflection        |       |       |       |       |     1 |       |       |       |       ||     1
         Buckler           |       |       |       |       |       |       |   432 |   763 |   872 ||  2067

Table legend: (Time is in decaauts)
 A = Elapsed time spent in this place.
 B = Non-inter-level travel time spent in this place.
 C = Inter-level travel time spent in this place.
 D = Time resting spent in this place.
 E = Time spent auto-exploring this place.
 F = Levels seen in this place.
 G = Mean time per level.
                   A        B        C        D        E       F      G
               +--------+--------+--------+--------+--------+-----+--------+
         Total |  60827 |  55336 |   5491 |  12520 |  25140 |  74 |  822.0 |
       Dungeon |  14938 |  12952 |   1986 |   2051 |   7428 |  15 |  995.9 |
          Lair |   6747 |   6003 |    744 |   1674 |   2884 |   5 | 1349.4 |
         Swamp |   4873 |   4699 |    174 |   1529 |   1879 |   4 | 1218.2 |
     Snake Pit |   4454 |   4313 |    141 |   1160 |   1821 |   4 | 1113.5 |
    Slime Pits |    633 |    625 |      8 |    111 |      0 |   5 |  126.6 |
  Orcish Mines |   1899 |   1485 |    414 |    155 |    838 |   2 |  949.5 |
   Elven Halls |   4409 |   4205 |    204 |   1013 |   1888 |   3 | 1469.7 |
        Vaults |   7773 |   6655 |   1118 |    971 |   3859 |   5 | 1554.6 |
         Crypt |   4046 |   3868 |    178 |   1461 |   1375 |   3 | 1348.7 |
        Depths |   4674 |   4153 |    521 |    748 |   2171 |   4 | 1168.5 |
           Zot |   1042 |   1042 |      0 |      0 |      0 |   5 |  208.4 |
         Abyss |   1139 |   1139 |      0 |      0 |    203 |   4 |  284.8 |
      Ziggurat |   1046 |   1046 |      0 |    497 |     89 |  11 |   95.1 |
      Ice Cave |    261 |    261 |      0 |    116 |      0 |   1 |  261.0 |
        Wizlab |   1145 |   1145 |      0 |    501 |    275 |   1 | 1145.0 |
    Desolation |    971 |    971 |      0 |    184 |    296 |   1 |  971.0 |
      Gauntlet |    771 |    771 |      0 |    347 |    133 |   1 |  771.0 |
               +--------+--------+--------+--------+--------+-----+--------+

Top non-repeatable levels by time:
    D:10: 2063 daAuts
  Lair:2: 1963 daAuts
Vaults:4: 1842 daAuts
 Swamp:4: 1828 daAuts
  Lair:5: 1776 daAuts
   Elf:2: 1650 daAuts
 Crypt:1: 1623 daAuts
Vaults:3: 1610 daAuts
Vaults:2: 1561 daAuts
   Elf:3: 1533 daAuts
 Snake:4: 1417 daAuts
Depths:4: 1409 daAuts
Vaults:5: 1381 daAuts
Vaults:1: 1376 daAuts
   Orc:2: 1278 daAuts
